 Dungeon Crawl Stone Soup version 0.31.0-32-g396128a36d (webtiles) character file.

Game seed: 7603118120405902730

3255 AdnanSaban the Basher (level 10, -7/64 HPs)
             Began as a Gargoyle Fighter on Apr 11, 2024.
             Mangled by an orc warlord
             ... wielding a +6 battleaxe
              (26 damage)
             ... in a bailey.
             The game lasted 00:12:24 (6816 turns).

AdnanSaban the Basher (Gargoyle Fighter)            Turns: 6816, Time: 00:12:24

Health: -7/64      AC: 24    Str: 25    XL:     10   Next: 0%
Magic:  10/10      EV:  9    Int:  8    God:
Gold:   405        SH:  5    Dex:  9    Spells: 9/9 levels left

rFire   . . .        b - +2 whip (venom)
rCold   . . .        c - +0 buckler
rNeg    + . .        B - +0 chain mail
rPois   ∞            (no helmet)
rElec   +            u - +2 cloak
rCorr   .            (no gloves)
SInv    .            (no boots)
Will    +....        (no amulet) Stlth
                     i - ring of willpower
HPRegen 0.30/turn    v - +4 ring of protection
MPRegen 0.12/turn

%: no passive effects
@: no status effects
A: sickness immunity, AC +7, negative energy resistance 1, electricity
resistance, torment resistance 1, petrification resistance
a: no special abilities


You were in a bailey.
You visited 2 branches of the dungeon, and saw 8 of its levels.
You also visited: Ossuary and Bailey.

You collected 405 gold pieces.

Inventory:

Hand Weapons
 b - a +2 whip of venom (weapon)
 l - a +1 flail of draining
 K - a +3 morningstar of protection
Missiles
 a - 20 poisoned darts (quivered)
 m - a throwing net
 o - 6 atropa-tipped darts
 F - 15 boomerangs
Armour
 c - a +0 buckler (worn)
 u - a +2 cloak (worn)
 B - a +0 chain mail (worn)
 J - the +2 plate armour of Perpetual Drought {rPois Dex+2}
   (You found it in a bailey)

   Dex+2:     It affects your dexterity (+2).
   rPois:     It protects you from poison
Jewellery
 i - a ring of willpower (left hand)
 j - a +6 ring of dexterity
 v - a +4 ring of protection (right hand)
Wands
 r - a wand of roots (7)
Scrolls
 g - 4 scrolls of poison {unknown}
 h - a scroll of immolation {unknown}
 n - 2 scrolls of fog {unknown}
 q - a scroll of silence {unknown}
 w - a scroll of enchant weapon {unknown}
 y - 2 scrolls of amnesia {unknown}
 A - a scroll of identify {unknown}
 D - a scroll of teleportation {unknown}
 H - a scroll of butterflies {unknown}
 I - a scroll of enchant armour {unknown}
Potions
 d - a potion of might
 e - 2 potions of lignification {unknown}
 f - 6 potions of curing {unknown}
 k - 2 potions of enlightenment {unknown}
 p - 3 potions of haste {unknown}
 s - a potion of brilliance {unknown}
 t - 3 potions of invisibility {unknown}
 x - 2 potions of heal wounds {unknown}
 z - a potion of cancellation {unknown}
 C - 2 potions of mutation {unknown}
 E - a potion of resistance {unknown}
 G - a potion of magic {unknown}


   Skills:
 + Level 7.6 Fighting
 + Level 9.0 Maces & Flails
 + Level 1.2 Throwing
 + Level 6.8 Armour
 + Level 3.6 Dodging
 + Level 0.7 Stealth
 + Level 5.5 Shields


You had 9 spell levels left.
You didn't know any spells.
Your spell library contained the following spells:

 Spells                   Type           Power      Damage    Failure   Level
 Summon Small Mammal      Summ           0%         N/A       93%         1
 Call Canine Familiar     Summ           0%         N/A       100%        3
 Brom's Barrelling Bould  Conj/Erth      0%         2d3       100%        4
 Summon Blazeheart Golem  Fire/Summ      0%         N/A       100%        4
 Fireball                 Conj/Fire      0%         3d3       100%        5
 Iskenderun's Battlesphe  Conj           0%         2d6       100%        5
 Conjure Ball Lightning   Conj/Air       0%         3x3d6     100%        6
 Orb of Destruction       Conj           0%         9d5       100%        7


Dungeon Overview and Level Annotations

Branches:
Dungeon (7/15)             Temple (1/1) D:7         Ossuary (visited)
 Bailey (1/1)

Altars:
Ashenzari
Cheibriados
Dithmenos
Fedhas
Gozag
Hepliaklqana
Kikubaaqudgha
Makhleb
Nemelex Xobeh
Qazlal
Ru
Sif Muna
Trog
Uskayaw
Vehumet
Wu Jian
Yredelemnul
Zin
The Shining One

Shops:
D:1 [


Innate Abilities, Weirdness & Mutations

You are immune to sickness and miasma.
Your stone body is resilient. (AC +7)
You are immune to poison.
You resist negative energy. (rN+)
You are resistant to electric shocks. (rElec)
You are resistant to unholy torment.
You are immune to petrification.


Message History

You kill the orc warrior!
Your Maces & Flails skill increases to level 9!
You have reached level 10!
There is an open door here.
There is an open door here.
Things that are here:
a +0 hand axe; a +0 leather armour
Things that are here:
a +0 hand axe; a +0 leather armour You see here a +0 leather armour.
There is an open door, spattered with blood here.
Things that are here:
a +0 hand axe; a +0 hand axe
Items here: ))) [[[.
There is an open door here.
There is an open translucent gate here.
You enter the shallow water.
Moving in this stuff is going to be slow.
a - 20 poisoned darts (gained 1)
You see here the +2 plate armour of Perpetual Drought {rPois Dex+2}.
J - the +2 plate armour of Perpetual Drought {rPois Dex+2} You see here a green potion.
The orc warlord hits you with a +6 battleaxe.
The orc warlord attacks as it pursues you!
The orc warlord hits you with a +6 battleaxe!
The orc warlord attacks as it pursues you!
The orc warlord hits you but does no damage.
You see here a potion of experience.
You see here a +3 morningstar of protection.
K - a +3 morningstar of protection The orc warlord hits you with a +6 battleaxe.
The orc warlord hits you with a +6 battleaxe!
The orc warlord attacks as it pursues you!
The orc warlord hits you with a +6 battleaxe!!
* * * LOW HITPOINT WARNING * * *
The orc warlord attacks as it pursues you!
You block the orc warlord's attack.
There is a gate leading back out of this place here.
The orc warlord hits you with a +6 battleaxe!!
You die...

#.......).................#
#...8...)..#'('#......8...#
##.....)####~~~####o.....##
♣##.....#~~~~~~~~~#.....##♣
♣.##....#~.8...8.(#....##.♣
♣♣..###'###.......###'###..♣♣
♣...~~~.#~~.8...8.~~#.~~~...♣
♣♣...~~~.#~.........~#.~~~...♣♣
♣∩...~~~.#~...o@....~#.~~~...∩♣
♣♣...~~~o##.........##))~~...♣♣
♣...~~~.#~..8...8..~#)[~~...♣
♣♣..###'#~.........~#'###..♣♣
♣.##...#~.!8...8!.~#[..##.♣
♣##....##~~#####~~##....##♣
##.....)####...####......##
#.......).................#
#..8..8.)..).....)).8..8..#


You could see an orc warlord.

Vanquished Creatures
  Eustachio (D:3)
  Menkaure (D:4)
  An acid dragon (D:6)
  4 orc warriors (Bailey)
  2 ice beasts
  2 ogres (D:6)
  A centaur (D:7)
  A kobold brigand (D:4)
  2 elf zombies (Ossuary)
  A bullfrog (D:6)
  A gnoll sergeant (D:5)
  A scorpion (D:6)
  An elf skeleton (D:6)
  5 killer bees (D:6)
  2 howler monkeys
  A bombardier beetle (D:4)
  2 centaur zombies (Ossuary)
  3 human zombies (Ossuary)
  6 hounds
  2 jellies
  2 orc priests (D:6)
  A gnoll bouda (D:3)
  A sleepcap (D:6)
  An iguana (D:6)
  A human skeleton (D:6)
  9 orc wizards
  6 hound zombies (Ossuary)
  2 mummies (Ossuary)
  6 adders
  17 gnolls
  A shadow imp (D:5)
  6 adder zombies (Ossuary)
  A dart slug (D:2)
  3 ribbon worms (D:2)
  21 orcs
  9 endoplasms
  3 giant cockroaches
  10 goblins
  12 hobgoblins
  11 jackals
  2 quokkas (D:1)
  8 ball pythons
  3 bats
  5 frilled lizards
  5 gnoll zombies (Ossuary)
  2 jackal zombies (Ossuary)
  16 kobolds
  4 kobold zombies (Ossuary)
  2 orc skeletons (D:6)
  9 orc zombies
  10 rats
229 creatures vanquished.

Notes
Turn   | Place    | Note
-------+----------+-------------------------------------------
     0 | D:1      | AdnanSaban the Gargoyle Fighter began the quest for the
                  | Orb.
     0 | D:1      | Reached XP level 1. HP: 14/14 MP: 1/1
    35 | D:1      | Reached XP level 2. HP: 10/19 MP: 2/2
   347 | D:1      | Reached XP level 3. HP: 24/24 MP: 3/3
   556 | D:1      | Found Etyof's Armour Emporium.
   646 | D:1      | Found a faded altar of an unknown god.
  1050 | D:1      | Reached skill level 1 in Dodging
  1050 | D:1      | Reached XP level 4. HP: 12/29 MP: 4/4
  1633 | D:2      | Reached XP level 5. HP: 24/33 MP: 5/5
  1746 | D:2      | Reached skill level 3 in Maces & Flails
  2242 | D:3      | Reached XP level 6. HP: 29/39 MP: 6/6
  2746 | D:3      | Found a shimmering blue altar of Sif Muna.
  3066 | D:4      | Noticed Eustachio
  3105 | D:4      | Reached skill level 5 in Armour
  3313 | D:3      | Killed Eustachio
  3314 | D:3      | Reached skill level 4 in Maces & Flails
  3314 | D:3      | Reached XP level 7. HP: 36/44 MP: 7/7
  3414 | D:4      | Noticed Menkaure
  3425 | D:4      | Killed Menkaure
  3501 | D:4      | Reached skill level 1 in Throwing
  3709 | D:4      | Reached skill level 5 in Maces & Flails
  3776 | D:5      | Entered Level 5 of the Dungeon
  3815 | D:5      | Reached XP level 8. HP: 48/48 MP: 8/8
  3821 | D:5      | Reached skill level 5 in Fighting
  3940 | D:5      | Noticed a two-headed ogre
  4245 | D:6      | Found a sand-covered staircase.
  4257 | Ossuary  | Entered an ossuary
  4281 | Ossuary  | Reached skill level 6 in Maces & Flails
  4501 | Ossuary  | Reached skill level 7 in Maces & Flails
  4761 | D:6      | Reached XP level 9. HP: 41/55 MP: 9/9
  5114 | D:6      | Reached skill level 8 in Maces & Flails
  5619 | D:6      | Reached skill level 5 in Shields
  5941 | D:7      | Found a staircase to the Ecumenical Temple.
  5949 | Temple   | Entered the Ecumenical Temple
  6061 | D:7      | Found a flagged portal.
  6073 | Bailey   | Entered a bailey
  6078 | Bailey   | Noticed an orc warlord
  6287 | Bailey   | Found a runed translucent gate.
  6290 | Bailey   | Found a runed translucent gate.
  6291 | Bailey   | Found a runed translucent gate.
  6750 | Bailey   | Reached skill level 9 in Maces & Flails
  6750 | Bailey   | Reached XP level 10. HP: 50/64 MP: 10/10
  6800 | Bailey   | Identified the +2 plate armour of Perpetual Drought {rPois
                  | Dex+2}
  6816 | Bailey   | Mangled by an orc warlord

Illustrated notes

Levels and vault maps discovered:
D:1:      nzn_arrival_water_spiral, layout_loops_ring, serial_shops, shop,
          shapermc_ecumenical_altar_petra, minmay_quantized
D:2:      layout_basic, minmay_tetromino_s2
D:3:      layout_basic, led_sif_book, item_on_display_a
D:4:      layout_rooms, uniq_menkaure, uniq_eustachio
D:5:      layout_cave_pools
D:6:      layout_basic, nicolae_ossuary_entry_catacombs
D:7:      layout_gridville, minmay_temple_entry_statues_pillars,
          gammafunk_ghost_arena, enter_bailey_6, uniq_prince_ribbit1
Temple:   dpeg_five_rooms_temple
Bailey:   bailey_axe_bossmonster_kennysheep, bailey

Skill      XL: |  1  2  3  4  5  6  7  8  9 |
---------------+----------------------------+-----
Dodging        | 1 2 3 |  3.6
Fighting       | 4 6 7 |  7.6
Armour         | 4 5 6 |  6.8
Maces & Flails | 3 4 5 7 9 |  9.0
Shields        | 4 5 |  5.5
Throwing       | 1 |  1.2
Stealth        | |  0.7

Action                     |  1- 3 |  4- 6 |  7- 9 | 10-12 || total
---------------------------+-------+-------+-------+-------++-------
  Melee: Flail             |   145 |   176 |   389 |       ||   710
         Whip              |       |       |   185 |       ||   185
  Throw: Dart              |       |    12 |     6 |       ||    18
 Armour: Scale mail        |   113 |   172 |   265 |       ||   550
         Chain mail        |       |       |   143 |     7 ||   150
  Dodge: Dodged            |    72 |   119 |   233 |       ||   424
  Block: Buckler           |    26 |    63 |   106 |     1 ||   196
